 Dungeon Crawl Stone Soup version 0.14-a0-1403-g5d3c58f (webtiles) character file.

48 PolkaDot the Skirmisher (level 2, 0/23 HPs)
             Began as a Vampire Death Knight on Dec 10, 2013.
             Was a Follower of Yredelemnul.
             Succumbed to an adder's poison
             ... on Level 2 of the Dungeon.
             The game lasted 00:02:10 (613 turns).

PolkaDot the Skirmisher (Vampire Death Knight)       Turns: 613, Time: 00:02:10

HP   0/23        AC  3     Str 12      XL: 2   Next: 65%
MP   2/2         EV 10     Int 13      God: Yredelemnul [*.....]
Gold 27          SH  0     Dex 13      Spells:  0 memorised,  1 level left

rFire  . . .     SeeInvis +     a - +1 short sword
rCold  + . .     Clarity  .     b - +0 leather armour
rNeg   . . .     Conserve .     (no shield)
rPois  .         rCorr    .     (no helmet)
rElec  .         rRot     .     (no cloak)
SustAb . .       Spirit   .     (no gloves)
rMut   .         Warding  .     (no boots)
Saprov . . .     Stasis   .     (no amulet)
                                (no ring)
                                i - ring of protection from cold {unknown}

@: regenerating quickly, mildly poisoned, not resistant to hostile enchantments,
very unstealthy
A: fangs 3, see invisible, unbreathing
a: Animate Remains, Renounce Religion


You were on level 2 of the Dungeon.
You worshipped Yredelemnul.
Yredelemnul was aware of your devotion.
You were very full.

You visited 1 branch of the dungeon, and saw 2 of its levels.

You collected 27 gold pieces.

Inventory:

Hand weapons
 a - a +1,+1 short sword (weapon)
Armour
 b - a +0 leather armour (worn)
Scrolls
 c - a scroll of immolation {unknown}
 d - 4 scrolls of enchant weapon II {unknown}
 e - a scroll of amnesia {unknown}
 f - a scroll of teleportation {unknown}
 g - a scroll of recharging {unknown}
 h - a scroll of curse jewellery {unknown}
 n - a scroll of curse weapon {unknown}
Jewellery
 i - a ring of protection from cold (left hand) {unknown}


   Skills:
 * Level 2.6 Fighting
 + Level 2.6 Short Blades
 - Level 0.7 Armour
 - Level 1.1 Dodging
 - Level 2.4 Invocations


You had one spell level left.
You didn't know any spells.

Dungeon Overview and Level Annotations

Branches:
Dungeon (2/16)

Altars:


Innate Abilities, Weirdness & Mutations

Your natural rate of healing is unusually fast.
You have razor-sharp teeth.
You have supernaturally acute eyesight.
You can survive without breathing.


Message History

You are too injured to fight recklessly!
You are too injured to fight recklessly!
You are too injured to fight recklessly!
You closely miss the adder. The adder bites you. The kobold hits you.
* * * LOW HITPOINT WARNING * * *
Your giant newt skeleton closely misses the adder.
Your goblin zombie closely misses the kobold.
The adder closely misses you.
You hit the adder. Your bite misses the adder.
The adder is lightly wounded.
The kobold barely misses you. The adder bites you.
* * * LOW HITPOINT WARNING * * *
You are more poisoned.
The adder poisons you!
Your giant newt skeleton completely misses the adder.
Your goblin zombie hits the kobold but does no damage.
Drink which item? (? for menu, Esc to quit)
You feel refreshed.
It was a potion of restore abilities.
You die...
Yredelemnul claims you as an undead slave.

....................
..........#.##.##....
..........#z##.##...
....................
.....######.##.###.#
.....# #..!..# .# #
.....######.....##.#.###
####z...........z.......#
.z..............@K......#
############...zzS.>....#
#............
#............
#####........ #.......
#%..... #..... #..


You could see an adder, a kobold, a friendly goblin zombie, a friendly hobgoblin
zombie and a friendly giant newt skeleton.

Vanquished Creatures
  A giant gecko (D:1)
  2 giant cockroaches (D:1)
  5 hobgoblins (D:1)
  2 bats (D:1)
  A giant newt (D:1)
  5 goblins (D:1)
  3 rats (D:1)
19 creatures vanquished.

Notes
Turn   | Place    | Note
--------------------------------------------------------------
     0 | D:1      | PolkaDot, the Vampire Death Knight, began the quest for the Orb.
     0 | D:1      | Reached XP level 1. HP: 16/16 MP: 1/1
   125 | D:1      | Reached XP level 2. HP: 15/22 MP: 2/2
   612 | D:2      | HP: 1/23 [adder (5)]
   613 | D:2      | Succumbed to an adder's poison

Action                   || total
-------------------------++-------
Melee: Short sword       ||    97
Invok: Animate Remains   ||     3
  Use: Potion            ||     3
